 Dungeon Sprint DCSS version 0.21-a0-216-g6d3fd91 (webtiles) character file.

66 Kidiri the Sneak (level 3, -10/18 HPs)
             Began as a Spriggan Enchanter on Aug 23, 2017.
             Was an Initiate of Dithmenos.
             Mangled by a two-headed ogre
             ... wielding a +0 giant spiked club
              (20 damage)
             ... in the Dungeon (Sprint IX: "|||||||||||||||||||||||||||||").
             The game lasted 00:02:51 (647 turns).

Kidiri the Sneak (Spriggan Enchanter)                Turns: 647, Time: 00:02:52

Health: -10/18     AC:  4    Str:  4    XL:     3   Next: 96%
Magic:  1/9        EV: 21    Int: 16    God:    Dithmenos [......]
Gold:   0          SH:  0    Dex: 20    Spells: 0/9 levels left

rFire    . . .     SeeInvis +   a - +2 rapier (drain)
rCold    . . .     Gourm    .   (shield restricted)
rNeg     . . .     Faith    .   b - +0 robe
rPois    .         Spirit   .   (helmet restricted)
rElec    .         Reflect  .   (no cloak)
rCorr    .         Harm     .   (gloves unavailable)
MR       .....     NoTele   +   (boots unavailable)
Stlth    ++++......             (no amulet)
HPRegen  0.06/turn              o - +3 ring of dexterity
MPRegen  0.11/turn              p - +2 ring of protection

@: very quick
A: unfitting armour, see invisible, herbivore 3, speed 3, slow metabolism 2
a: Renounce Religion


You were in the Dungeon.
You worshipped Dithmenos.
Dithmenos was noncommittal.
You were not hungry.

You visited 1 branch

Inventory:

Hand Weapons
 a - a +2 rapier of draining (weapon)
Armour
 b - a +0 robe (worn)
Jewellery
 o - a +3 ring of dexterity (left hand)
 p - a +2 ring of protection (right hand)
Wands
 n - a wand of iceblast (7/15)
Scrolls
 j - 2 scrolls of blinking
 l - 3 scrolls of remove curse
 m - 2 scrolls of amnesia
Potions
 e - a potion of invisibility
 f - 3 potions of heal wounds
 g - a potion of haste
 h - 3 potions of magic
 i - a potion of berserk rage
 k - 4 potions of curing
Books
 c - a book of Maledictions

   Spells                             Type                      Level
   a - Corona                         Hexes                        1
   b - Ensorcelled Hibernation        Hexes/Ice                    2
   c - Confuse                        Hexes                        3
   d - Tukima's Dance                 Hexes                        3
   e - Dazzling Spray                 Conjuration/Hexes            3
Comestibles
 d - a bread ration


   Skills:
 + Level 1.3 Fighting
 * Level 3.6 Short Blades
 + Level 1.4 Armour
 * Level 5.4 Dodging
 * Level 6.9 Stealth
 + Level 3.9 Spellcasting
 + Level 4.6 Hexes
 + Level 1.1 Ice Magic
 + Level 1.0 Invocations


You couldn't memorise any spells.
You knew the following spells:

 Your Spells              Type           Power        Failure   Level  Hunger
a - Corona                Hex            ###....      2%          1    None
b - Ensorcelled Hibernat  Hex/Ice        ##....       8%          2    ##.....
c - Confuse               Hex            ###.....     8%          3    ###....
d - Tukima's Dance        Hex            ###.....     8%          3    ###....


Dungeon Overview and Level Annotations

Branches:
Dungeon (1/1)

Altars:
Cheibriados
Dithmenos
Elyvilon
Fedhas
Gozag
Hepliaklqana
Kikubaaqudgha
Makhleb
Nemelex Xobeh
Okawaru
Qazlal
Ru
Sif Muna
Trog
Uskayaw
Vehumet
Wu Jian
Xom
Yredelemnul
Zin
The Shining One
Beogh
Jiyva
Lugonu


Innate Abilities, Weirdness & Mutations

You are very small and have problems with some larger weapons.
You are too small for most types of armour.
You have supernaturally acute eyesight. (SInv)
You are a herbivore.
You cover ground extremely quickly.
You need consume almost no food.


Message History

Confirm with . or Enter, or press ? or * to list all spells.
Aiming: Confuse
Press: ? - help, Shift-Dir - straight line, f/p - two-headed ogre
Aim: a two-headed ogre, wielding a giant spiked club and a giant club (chance to defeat MR: 30%)
The two-headed ogre appears confused.
You catch the helpless two-headed ogre completely off-guard!
You puncture the two-headed ogre!
The two-headed ogre is moderately wounded.
Unknown command.
You hit the two-headed ogre. You drain the two-headed ogre!
The two-headed ogre is heavily wounded.
Unknown command.
You hit the two-headed ogre.
The two-headed ogre is heavily wounded.
Unknown command.
You hit the two-headed ogre but do no damage.
The two-headed ogre is heavily wounded.
The two-headed ogre hits you with a giant spiked club!!
Ouch! That really hurt!
You die... ▓▓▓▓▓▓▓▓▓▓▓▓▓▓▓▓▓▓▓▓▓▓▓▓▓ _______'..|)[[[.@OJSh...+ ▓▓▓▓▓▓▓▓▓▓▓▓▓▓▓▓▓▓▓▓▓▓▓▓▓

You could see a two-headed ogre (confused), a water moccasin, a black bear and a jelly.

Vanquished Creatures
  A hound (D)
  An iguana (D)
  A leopard gecko (D)
  A bat skeleton (D)
  A hobgoblin (D)
  A jackal (D)
  A quokka (D)
  A bat (D)
  A frilled lizard (D)
  A giant cockroach zombie (D)
  A kobold (D)
  A rat (D)
12 creatures vanquished.

Notes
Turn   | Place    | Note
-------+----------+-------------------------------------------
     0 | D        | Kidiri the Spriggan Enchanter began the quest for the Orb.
     0 | D        | Reached XP level 1. HP: 9/9 MP: 5/5
   145 | D        | Noticed an iguana
   156 | D        | Reached skill level 5 in Stealth
   370 | D        | Reached XP level 2. HP: 9/13 MP: 4/7
   401 | D        | Learned a level 2 spell: Ensorcelled Hibernation
   461 | D        | Reached skill level 1 in Fighting
   461 | D        | Reached skill level 1 in Armour
   461 | D        | Reached skill level 6 in Stealth
   461 | D        | Reached XP level 3. HP: 18/18 MP: 6/9
   481 | D        | Found a roughly hewn altar of Beogh.
   481 | D        | Found a snail-covered altar of Cheibriados.
   481 | D        | Found a shadowy altar of Dithmenos.
   481 | D        | Found a white marble altar of Elyvilon.
   481 | D        | Found a blossoming altar of Fedhas.
   481 | D        | Found an opulent altar of Gozag.
   482 | D        | Found a hazy altar of Hepliaklqana.
   483 | D        | Found a viscous altar of Jiyva.
   484 | D        | Found an ancient bone altar of Kikubaaqudgha.
   485 | D        | Found a corrupted altar of Lugonu.
   486 | D        | Became a worshipper of Dithmenos the Shadowed
   487 | D        | Found a burning altar of Makhleb.
   488 | D        | Found a sparkling altar of Nemelex Xobeh.
   489 | D        | Found an iron altar of Okawaru.
   490 | D        | Found a stormy altar of Qazlal.
   491 | D        | Found a sacrificial altar of Ru.
   492 | D        | Found a deep blue altar of Sif Muna.
   493 | D        | Found a bloodstained altar of Trog.
   494 | D        | Found a hide-covered altar of Uskayaw.
   495 | D        | Found a radiant altar of Vehumet.
   496 | D        | Found an ornate altar of the Wu Jian Council.
   497 | D        | Found a shimmering altar of Xom.
   498 | D        | Found a basalt altar of Yredelemnul.
   499 | D        | Found a glowing silver altar of Zin.
   500 | D        | Found a glowing golden altar of the Shining One.
   517 | D        | Found the +5 scythe "Finisher" {speed, Str+3}
   624 | D        | Learned a level 3 spell: Confuse
   628 | D        | Learned a level 3 spell: Tukima's Dance
   628 | D        | Noticed a two-headed ogre
   628 | D        | Noticed a water moccasin
   628 | D        | Noticed a black bear
   633 | D        | Reached skill level 5 in Dodging
   633 | D        | Reached skill level 1 in Ice Magic
   633 | D        | Reached skill level 1 in Invocations
   647 | D        | Mangled by a two-headed ogre

Vault maps used:
D:        linesprint

Skill      XL: |  1  2  3 |
---------------+----------+-----
Hexes          | 4 |  4.6
Short Blades   | 2 3 |  3.6
Stealth        | 5 6 |  6.9
Spellcasting   | 3 |  3.9
Fighting       | 1 |  1.3
Armour         | 1 |  1.4
Dodging        | 4 5 |  5.4
Ice Magic      | 1 |  1.1
Invocations    | 1 |  1.0

Action                   || total
-------------------------++-------
Melee: Dagger            ||    51
       Rapier            ||     7
 Cast: Corona            ||    10
       Ensorcelled Hiber ||     5
       Confuse           ||     3
  Use: Potion            ||     2
 Stab: Sleeping          ||     3
       Distracted        ||     1
       Confused          ||     1
Armor: Robe              ||     4
Dodge: Dodged            ||    54

Table legend:
 A = Spawn XP
 B = Non-spawn XP
 C = Spawn XP percentage of total XP
 D = Spawn monster count
 E = Non-spawn monster count
 F = Spawn count percentage of total count
 G = Total turns spent on level
                    A         B        C        D         E        F      G
               +---------+---------+-------+---------+---------+-------+---------
         Total |       0 |      95 |   0.0 |       0 |      12 |   0.0 |   647
               +---------+---------+-------+---------+---------+-------+---------
             D |       0 |      95 |   0.0 |       0 |      12 |   0.0 |   647
               +---------+---------+-------+---------+---------+-------+---------
